AoeStats
← VaeVictus

Arabia

509146476Analyzed
1v1 RM · 8d ago on Sep 25, 2026· 46m 1s· 2 players
Game mode
Random Map
Map size
Tiny (2 player)
Population
200
Speed
Normal
Resources
Standard
Victory
Conquest
Starting age
Dark Age
Ending age
Imperial Age
RankedLock teamsTeams togetherTeam positionsShared explorationLock speedFull tech treeHidden civsTurbo modeCheats
Victory
Defeat
🇦🇷 Burgundians · Argentina
1084
+18
🇺🇸 Portuguese · United States
1129
-18
MedicenelMago
3:28 Double-Bit Axe
3:38 Loom
9:32 Feudal Age
14:08 Bow Saw
23:29 Castle Age
28:07 Town Watch
28:58 Wheelbarrow
29:03 Redemption
30:02 Sanctity
36:39 Atonement
45:53 Imperial Age
43:29 Light Cavalry
45:29 Scale Barding Armor
VaeVictus
8:33 Loom
10:48 Feudal Age
15:05 Castle Age
27:16 Fletching
35:02 Sanctity
34:45 Atonement
36:54 Devotion
Connection lost

Rejoining the realm…

Still unreachable

The connection could not be restored.

Session expired

The server has moved on; the page needs a fresh start.